 Dungeon Crawl Stone Soup version 0.18.1-50-g88ac8fd (webtiles) character file.

273 Gaplan the Skirmisher (level 6, -5/57 HPs)
             Began as a Minotaur Berserker on Oct 10, 2016.
             Was a Believer of Trog.
             Slain by a gnoll
             ... wielding a cursed +0 spear
              (6 damage)
             ... on level 3 of the Dungeon.
             The game lasted 00:05:51 (1876 turns).

Gaplan the Skirmisher (Minotaur Berserker)          Turns: 1876, Time: 00:05:51

Health: -5/57      AC:  2    Str: 24    XL:     6   Next: 2%
Magic:  5/5        EV: 13    Int:  4    God:    Trog [**....]
Gold:   131        SH:  0    Dex:  9    Spells: 0 memorised, 5 levels left

rFire  . . .     SeeInvis .     h - +1 spear (freeze)
rCold  . . .     Gourm    .     b - +0 animal skin
rNeg   . . .     Faith    .     (no shield)
rPois  .         Spirit   .     (helmet restricted)
rElec  .         Dismiss  .     (no cloak)
rCorr  .         Reflect  .     (no gloves)
SustAt .         Harm     .     (no boots)
MR     .....                    (no amulet)
Stlth  +.........               (no ring)
                                (no ring)

@: not resistant to hostile enchantments, very unstealthy
A: retaliatory headbutt, horns 2
a: Berserk, Trog's Hand, Burn Spellbooks, Renounce Religion


You were on level 3 of the Dungeon.
You worshipped Trog.
Trog was pleased with you.
You were full.

You visited 1 branch of the dungeon, and saw 3 of its levels.

You collected 131 gold pieces.

Inventory:

Hand Weapons
 a - a +0 falchion
 h - a +1 spear of freezing (weapon)
Armour
 b - a +0 animal skin (worn)
Scrolls
 c - a scroll of blinking {unknown}
 d - a scroll of magic mapping
Potions
 e - a potion of agility
Comestibles
 f - 2 meat rations
 g - 2 chunks of flesh
 i - a bread ration


   Skills:
 + Level 5.7 Fighting
 + Level 5.0 Long Blades
 + Level 0.5 Polearms
 + Level 2.8 Armour
 + Level 4.0 Dodging
 + Level 1.0 Stealth


You had 5 spell levels left.
You didn't know any spells.

Dungeon Overview and Level Annotations

Branches:
Dungeon (3/15)

Altars:
Okawaru
Trog


Innate Abilities, Weirdness & Mutations

You reflexively headbutt those who attack you in melee.
You have a pair of horns on your head.


Message History

The gnoll hits you with a flail.
* * * LOW HITPOINT WARNING * * *
The gnoll hits you from afar with a spear.
* * * LOW HITPOINT WARNING * * *
You hit the gnoll. You freeze the gnoll.
You kill the gnoll!
Trog accepts your kill.
You have reached level 6!
Your experience leads to an increase in your attributes!
Your base attributes are Str 23, Int 4, Dex 9.
Increase (S)trength, (I)ntelligence, or (D)exterity?
You feel stronger.
You feel your strength returning. The gnoll closely misses you.
The gnoll hits you with a spear!
* * * LOW HITPOINT WARNING * * *
Things that are here:
a flail; a halberd You barely miss the gnoll.
The gnoll hits you with a spear.
You die...

### # ..# #. #.#
###.##.#
<......########.##
#.###..............
.......g...).......
####.#.#@########.#.
#.<..#.#.#
#......#.#
####....###.#
#.......###.###...
#.................#
#......##.......###
#......##.......#
#...........####..


You could see a gnoll.

Vanquished Creatures
  Sigmund (D:2)
  2 gnolls (D:3)
  3 adders (D:2)
  4 oozes (D:1)
  A dart slug (D:1)
  A giant gecko (D:2)
  4 giant cockroaches
  5 goblins
  5 hobgoblins (D:2)
  6 jackals (D:1)
  A quokka (D:3)
  6 bats
  3 giant newts (D:1)
  4 kobolds
  4 rats
50 creatures vanquished.

Notes
Turn   | Place    | Note
--------------------------------------------------------------
     0 | D:1      | Gaplan the Minotaur Berserker began the quest for the Orb.
     0 | D:1      | Reached XP level 1. HP: 19/19 MP: 0/0
    29 | D:1      | Reached XP level 2. HP: 21/27 MP: 1/1
   351 | D:1      | Reached XP level 3. HP: 31/34 MP: 2/2
   400 | D:1      | Reached ** piety under Trog
   820 | D:1      | HP: 1/34 [poisoned by an adder]
  1156 | D:2      | Noticed Sigmund
  1164 | D:2      | Killed Sigmund
  1164 | D:2      | Reached skill level 5 in Fighting
  1164 | D:2      | Reached XP level 4. HP: 35/42 MP: 3/3
  1164 | D:2      | Reached XP level 5. HP: 40/48 MP: 4/4
  1215 | D:2      | Reached skill level 5 in Long Blades
  1349 | D:2      | Found a bloodstained altar of Trog.
  1350 | D:2      | Found an iron altar of Okawaru.
  1859 | D:3      | Reached skill level 1 in Stealth
  1874 | D:3      | Reached XP level 6. HP: 8/57 MP: 5/5
  1875 | D:3      | HP: 1/57 [gnoll/spear (7)]
  1876 | D:3      | Slain by a gnoll

Skill      XL: |  1  2  3  4  5 |
---------------+----------------+-----
Fighting       | 4 5 |  5.7
Long Blades    | 4 5 |  5.0
Dodging        | 3 4 |  4.0
Stealth        | 1 |  1.0
Polearms       | |  0.5
Armour         | |  2.8

Action                   |  1- 3 |  4- 6 || total
-------------------------+-------+-------++-------
Melee: Falchion          |    31 |       ||    31
       Headbutt          |    10 |     5 ||    15
       Spear             |    36 |    39 ||    75
  Use: Scroll            |     3 |       ||     3
       Potion            |     2 |       ||     2
 Stab: Sleeping          |     1 |     1 ||     2
  Eat: Meat ration       |     1 |       ||     1
       Bread ration      |     1 |       ||     1
Armor: Animal skin       |     7 |     7 ||    14
Dodge: Dodged            |    52 |    23 ||    75
